 Dungeon Crawl Stone Soup version 0.30.1-4-g462c640d31 (webtiles) character file.

Game seed: 9355162859628002068

511 safid the Chiller (level 7, -3/54 HPs)
             Began as a Merfolk Ice Elementalist on Aug 14, 2023.
             Slain by an orc warrior
             ... wielding a +0 glaive
              (7 damage)
             ... on level 4 of the Dungeon.
             The game lasted 00:06:18 (3884 turns).

safid the Chiller (Merfolk Ice Elementalist)        Turns: 3884, Time: 00:06:18

Health: -3/54      AC: 19    Str:  8    XL:     7   Next: 19%
Magic:  1/13       EV: 14    Int: 16    God:
Gold:   197        SH:  0    Dex: 15    Spells: 7/14 levels left

rFire   + . .        b - +4 dagger (protect)
rCold   . . .        (no shield)
rNeg    . . .        a - +0 robe
rPois   .            (no helmet)
rElec   .            (no cloak)
rCorr   .            q - +0 pair of gloves
SInv    .            o - +2 pair of boots
Will    .....        (no amulet)
Stlth   ++           n - ring of protection from fire
HPRegen 0.29/turn    (no ring)
MPRegen 0.13/turn

%: no passive effects
@: ice-armoured, under a protective aura, freezing walls, attractive
A: (nimble swimmer 2), mertail
a: no special abilities


You were on level 4 of the Dungeon.
You visited 1 branch of the dungeon, and saw 4 of its levels.

You collected 197 gold pieces.

Inventory:

Hand Weapons
 b - a +4 dagger of protection (weapon)
 f - a +0 short sword
Armour
 a - a +0 robe (worn)
 o - a +2 pair of boots (worn)
 q - a +0 pair of gloves (worn)
Jewellery
 n - a ring of protection from fire (left hand)
Scrolls
 c - a scroll of amnesia {unknown}
 d - 3 scrolls of teleportation {unknown}
 h - a scroll of torment {unknown}
 i - a scroll of poison {unknown}
 k - a scroll of identify {unknown}
 l - a scroll of acquirement {unknown}
 t - a scroll of magic mapping {unknown}
Potions
 e - 2 potions of mutation {unknown}
 g - 2 potions of attraction
 j - 3 potions of might {unknown}
 m - 2 potions of cancellation {unknown}
 p - a potion of haste {unknown}
 r - 2 potions of ambrosia {unknown}
 s - a potion of brilliance {unknown}


   Skills:
 + Level 4.0 Fighting
 + Level 4.4 Dodging
 - Level 2.1 Stealth
 + Level 4.0 Spellcasting
 + Level 6.2 Ice Magic


You had 7 spell levels left.
You knew the following spells:

 Your Spells              Type           Power      Damage    Failure   Level
a - Freeze                Ice            92%        1d9       1%          1
b - Frozen Ramparts       Ice            46%        1d7       4%          3
c - Ozocubu's Armour      Ice            23%        N/A       4%          3

Your spell library contained the following spells:

 Spells                   Type           Power      Damage    Failure   Level
 Summon Ice Beast         Ice/Summ       13%        N/A       43%         4
 Summon Mana Viper        Hex/Summ       3%         N/A       99%         5
 Monstrous Menagerie      Summ           1%         N/A       100%        7


Dungeon Overview and Level Annotations

Branches:
Dungeon (4/15)
 Temple: D:4-7

Altars:
Elyvilon

Annotations:
D:4 Pikel


Innate Abilities, Weirdness & Mutations

((You are very nimble when in or above water. (Stealth+, EV+, Speed+++)))
Your lower body shifts to a powerful aquatic tail in water.


Message History

Casting: Frozen Ramparts (dangerous; 4% risk of failure)
Press: ? - help, Dir - look around, f - activate The walls around you are covered in ice.
The wall freezes the orc priest.
The wall freezes the orc warrior but does no damage.
The orc warrior hits you with a +0 glaive.
* * * LOW HITPOINT WARNING * * *
Casting: Frozen Ramparts (dangerous; 4% risk of failure)
Confirm with . or Enter, or press ? or * to list all spells.
Your icy armour thickens.
The wall freezes the orc priest.
The wall freezes the orc warrior but does no damage.
The orc warrior hits you but does no damage.
The wall freezes the orc priest.
The orc priest hits you but does no damage.
The wall freezes the orc warrior.
The orc warrior misses you.
Unknown command.
You hit the orc warrior.
Your weapon exudes an aura of protection.
The orc warrior is lightly wounded.
The wall freezes the orc priest.
The orc priest barely misses you.
The wall freezes the orc warrior but does no damage.
The orc warrior hits you with a +0 glaive!
* * * LOW HITPOINT WARNING * * *
Casting: Ozocubu's Armour (dangerous; 4% risk of failure)
Confirm with . or Enter, or press ? or * to list all spells.
Aiming: Freeze (safe; 1% risk of failure)
Press: ? - help, Shift-Dir - straight line, f - orc priest
Aim: an orc priest, wielding a +2 dagger of electrocution (severely wounded)
You freeze the orc priest!
You kill the orc priest!
The wall freezes the orc warrior but does no damage.
The orc warrior hits you with a +0 glaive.
* * * LOW HITPOINT WARNING * * *
Your magical contamination has completely faded away.
Your Fighting skill increases to level 4!
It was a potion of attraction.
You feel attractive to monsters.
The wall freezes the orc warrior but does no damage.
The orc warrior hits you with a +0 glaive!
You die...

#############....#o###....+..
#.........................#.
#.################..รท........
#.# #......................
#.# #.##########...########
#.# #..<#.....##o..#
#.#####..##.#........#
#........##.#.#....#.#
#######.....@)'....#.#
#####.#o#....#.# ##'#)#......#
#...[)....#.....
#.........##..##
######.........# #..#
#..............# #..
#..............# #.
#..............###


You could see an orc warrior.

Vanquished Creatures
  Duvessa (D:4)
  3 lemures (D:3)
  A scorpion (D:4)
  Dowan (D:4)
  An orc priest (D:4)
  Natasha (thrice) (D:2)
  An orc wizard (D:4)
  4 gnolls (D:3)
  4 adders
  2 worms (D:3)
  2 dart slugs
  6 orcs
  8 ball pythons
  4 bats (D:1)
  7 endoplasms
  3 giant cockroaches
  10 goblins
  8 hobgoblins
  3 jackals (D:1)
  7 quokkas
  3 frilled lizards
  5 kobolds
  5 rats
92 creatures vanquished.

Notes
Turn   | Place    | Note
-------+----------+-------------------------------------------
     0 | D:1      | safid the Merfolk Ice Elementalist began the quest for the
                  | Orb.
     0 | D:1      | Reached XP level 1. HP: 13/13 MP: 3/3
   175 | D:1      | Reached XP level 2. HP: 20/20 MP: 3/5
   223 | D:1      | Reached skill level 1 in Fighting
   755 | D:1      | Reached XP level 3. HP: 21/26 MP: 6/6
  1127 | D:2      | Learned a level 3 spell: Frozen Ramparts
  1213 | D:2      | Found a faded altar of an unknown god.
  1364 | D:2      | Noticed Natasha
  1373 | D:2      | Killed Natasha
  1374 | D:2      | Reached skill level 5 in Ice Magic
  1374 | D:2      | Reached XP level 4. HP: 6/33 MP: 4/8
  1374 | D:2      | HP: 1/33 [orc/+0 trident (5)]
  1382 | D:2      | Learned a level 3 spell: Ozocubu's Armour
  1573 | D:2      | Noticed Natasha
  1581 | D:2      | Killed Natasha
  1581 | D:2      | Noticed Natasha
  1592 | D:2      | Killed Natasha
  1593 | D:2      | Reached XP level 5. HP: 16/39 MP: 1/9
  2287 | D:3      | Found a white marble altar of Elyvilon.
  2956 | D:3      | Reached XP level 6. HP: 39/47 MP: 7/11
  3146 | D:4      | Noticed Pikel
  3257 | D:4      | Noticed Duvessa
  3262 | D:4      | Noticed Dowan
  3274 | D:4      | Killed Duvessa
  3278 | D:4      | Killed Dowan
  3536 | D:4      | Reached skill level 6 in Ice Magic
  3536 | D:4      | Reached XP level 7. HP: 44/53 MP: 2/12
  3884 | D:4      | Slain by an orc warrior

Illustrated notes

Levels and vault maps discovered:
D:1:      ebering_trefoil_3fold, layout_basic, minmay_misc_feat_four_crosses
D:2:      layout_basic, shapermc_ecumenical_altar_venn, uniq_natasha
D:3:      layout_rooms, mainiacjoe_overflow_alcove_2
D:4:      layout_basic, gammafunk_temple_overflow_arena, serial_bayou_lagoon_b,
          uniq_robin, uniq_duvessa, uniq_pikel

Skill      XL: |  1  2  3  4  5  6  7 |
---------------+----------------------+-----
Fighting       | 1 2 3 4 |  4.0
Ice Magic      | 5 6 |  6.2
Spellcasting   | 3 4 |  4.0
Dodging        | 3 4 |  4.4
Stealth        | |  2.1

Action                     |  1- 3 |  4- 6 |  7- 9 || total
---------------------------+-------+-------+-------++-------
  Melee: Unarmed           |    15 |       |       ||    15
         Short sword       |    47 |    93 |       ||   140
         Punch             |     2 |     3 |       ||     5
         Dagger            |       |     4 |    37 ||    41
   Cast: Freeze            |    32 |    46 |     2 ||    80
         Frozen Ramparts   |       |    10 |     6 ||    16
         Ozocubu's Armour  |       |     5 |     5 ||    10
    Use: Potion            |       |     1 |     1 ||     2
   Stab: Sleeping          |     2 |     2 |       ||     4
 Armour: Robe              |    16 |    29 |    17 ||    62
  Dodge: Dodged            |    65 |    87 |    21 ||   173
